 Dungeon Crawl Stone Soup version 0.30.0-10-gfe55d96785 (webtiles) character file.

Game seed: 8345396247111298744

55 Pimp the Shooter (level 3, -1/21 HPs)
             Began as a Deep Elf Hunter on May 13, 2023.
             Slain by Ijyb
             ... wielding a +0 dagger of venom
              (3 damage)
             ... on level 3 of the Dungeon.
             The game lasted 00:03:46 (1831 turns).

Pimp the Shooter (Deep Elf Hunter)                  Turns: 1831, Time: 00:03:48

Health: -1/21      AC:  4    Str:  8    XL:     3   Next: 67%
Magic:  5/5        EV: 13    Int: 13    God:
Gold:   116        SH:  0    Dex: 20    Spells: 2/2 levels left

rFire   . . .        a - +0 shortbow
rCold   . . .        (shield currently unavailable)
rNeg    . . .        c - +0 leather armour
rPois   .            (no helmet)
rElec   .            (no cloak)
rCorr   .            f - +0 pair of gloves
SInv    .            (no boots)
Will    .....        (no amulet)
Stlth   ++           (no ring)
HPRegen 0.23/turn    (no ring)
MPRegen 0.09/turn

%: no passive effects
@: lethally poisoned (-1 -> -6), attractive
A: no striking features
a: no special abilities


You were on level 3 of the Dungeon.
You visited 1 branch of the dungeon, and saw 3 of its levels.

You collected 116 gold pieces.

Inventory:

Hand Weapons
 a - a +0 shortbow (weapon)
Armour
 c - a +0 leather armour (worn)
 f - a +0 pair of gloves (worn)
Jewellery
 i - a ring of wizardry
Scrolls
 b - a scroll of immolation


   Skills:
 + Level 2.0 Fighting
 * Level 6.1 Ranged Weapons
 + Level 3.1 Dodging
 + Level 2.3 Stealth


You had 2 spell levels left.
You didn't know any spells.
Your spell library contained the following spells:

 Spells                   Type           Power      Damage    Failure   Level
 Dazzling Flash           Conj/Hex       0%         N/A       80%         3
 Inner Flame              Hex/Fire       0%         N/A       80%         3
 Volatile Blastmotes      Fire/Tloc      0%         2d10      80%         3
 Flame Wave               Conj/Fire      0%         2d4       99%         4
 Iskenderun's Mystic Bla  Conj/Tloc      0%         2d3       99%         4
 Sticky Flame             Conj/Fire      0%         2d3       99%         4
 Starburst                Conj/Fire      0%         6d3       100%        6
 Chain Lightning          Conj/Air       0%         N/A       100%        9
 Fire Storm               Conj/Fire      0%         5d1       100%        9
 Shatter                  Erth           0%         3d5*      100%        9


Dungeon Overview and Level Annotations

Branches:
Dungeon (3/15)

Altars:

Shops:
D:2 ?

Annotations:
D:3 Ijyb


Message History

Your +0 pair of gloves unmelds from your body.
Your +0 leather armour unmelds from your body.
Ijyb closely misses you.
You shoot an arrow. The arrow barely misses Ijyb.
Ijyb closely misses you.
You shoot an arrow. The arrow hits Ijyb but does no damage.
Ijyb is almost dead.
Ijyb hits you with a +0 dagger of venom.
You are poisoned.
You shoot an arrow. The arrow hits Ijyb but does no damage.
Ijyb is almost dead.
You feel very sick.
Ijyb hits you with a +0 dagger of venom.
You are more poisoned.
Ijyb hits you with a +0 dagger of venom.
* * * LOW HITPOINT WARNING * * *
You are more poisoned.
You feel better.
Ijyb hits you with a +0 dagger of venom.
You are lethally poisoned!
You are too injured to fight recklessly!
Okay, then.
It was a potion of brilliance.
You feel clever all of a sudden.
* * * LOW HITPOINT WARNING * * *
You feel very sick. Ijyb closely misses you.
It was a potion of attraction.
You feel attractive to monsters.
* * * LOW HITPOINT WARNING * * *
You feel sick.
Ijyb hits you with a +0 dagger of venom.
* * * LOW HITPOINT WARNING * * *
It was a potion of cancellation.
Your magical effects are unravelling.
You feel magically purged.
You feel a little less clever now.
* * * LOW HITPOINT WARNING * * *
You feel sick.
Ijyb hits you with a +0 dagger of venom.
You die...

.. ..###### #.
#...[..# #.
#......# #.
#......# ###.
#......# ...
##......#
#.####.......#
#.@..#<......#
#g##.##......#
#.#....^.....#
#.#..#.#'#####
#.##...#....#
.. #.#.####.#
#####........#
#..[#..#######
#..#...#


You could see Ijyb.

Vanquished Creatures
  An adder (D:2)
  A dart slug (D:1)
  4 ball pythons
  3 bats
  4 endoplasms
  4 giant cockroaches
  8 goblins
  2 hobgoblins (D:1)
  3 kobolds
  A quokka (D:1)
  8 rats
  A spectral hobgoblin (D:1)
40 creatures vanquished.

Notes
Turn   | Place    | Note
-------+----------+-------------------------------------------
     0 | D:1      | Pimp the Deep Elf Hunter began the quest for the Orb.
     0 | D:1      | Reached XP level 1. HP: 12/12 MP: 3/3
    90 | D:1      | Reached XP level 2. HP: 10/17 MP: 4/4
   289 | D:1      | Found a faded altar of an unknown god.
   385 | D:1      | Reached XP level 3. HP: 21/21 MP: 5/5
   738 | D:2      | Found Iggeajiud's Magic Scroll Emporium.
   947 | D:2      | Reached skill level 6 in Ranged Weapons
  1801 | D:3      | Noticed Ijyb
  1831 | D:3      | Slain by Ijyb

Illustrated notes

Levels and vault maps discovered:
D:1:      ebering_trefoil_twist, layout_loops_ring,
          dreamdust_ecumenical_altar_drowned_temple, corner_web_ring
D:2:      layout_basic, serial_shops, shop
D:3:      layout_basic, nicolae_elyvilon_temple_path, minmay_misc_feat_enclosed,
          uniq_robin, uniq_jessica, uniq_ijyb

Skill      XL: |  1  2  3 |
---------------+----------+-----
Stealth        | 2 |  2.3
Dodging        | 3 |  3.1
Fighting       | 2 |  2.0
Ranged Weapons | 6 |  6.1

Action                     || total
---------------------------++-------
   Fire: Shortbow          ||    94
    Use: Scroll            ||     6
         Potion            ||     5
 Armour: Leather armour    ||     6
         Skin              ||    18
  Dodge: Dodged            ||    20
